Map: Oxide LE

Players

Reynor - Winner!

  • Race: Zerg Zerg

DnS

  • Race: Protoss Protoss
  • League: Master

Event: DreamHack SC2 Masters 2021 Summer

VOD

Have the link to the VOD?

Description

Time

  • Played on: May 19, 2021, 1:54 p.m.
  • Length: 10:41

All games in this series

Show
View Real Time Build Order
Export as new Build Order

Reynor Zerg - Winner!

Build Orders: Hatch First 

Get SALT Encoding   

  12  0:00  Drone  
  13  0:12  Overlord  
  13  0:16  Drone  
  14  0:30  Drone x2  
  16  0:42  Drone  
  17  0:51  Hatchery  
  17  0:54  Drone  
  17  0:57  Drone  
  18  1:08  Extractor  
  17  1:13  Spawning Pool  
  17  1:15  Drone  
  17  1:18  Drone  
  18  1:27  Drone  
  19  1:38  Drone  
  20  1:48  Overlord  
  20  2:00  Queen  
  22  2:04  Drone x2, Queen  
  26  2:11  Metabolic Boost, Zergling x2  
  26  2:13  Zergling x2  
  28  2:22  Drone  
  29  2:24  Drone  
  30  2:35  Hatchery  
  30  2:36  Drone  
  30  2:38  Drone  
  31  2:45  Queen  
  33  2:52  Overlord  
  33  2:53  Drone  
  33  2:57  Drone x2  
  36  3:07  Overlord  
  36  3:10  Drone  
  36  3:11  Queen  
  36  3:12  Drone  
  40  3:19  Overlord  
  40  3:21  Drone x2  
  40  3:26  Queen  
  44  3:31  Overlord  
  44  3:38  Drone x2  
  44  3:39  Drone  
  44  3:41  Overlord  
  47  3:50  Drone  
  47  3:55  Roach Warren  
  47  3:56  Drone x3  
  47  3:57  Queen  
  47  4:01  Zergling x4  
  47  4:02  Zergling x2  
  55  4:04  Zergling x2  
  55  4:08  Overlord  
  56  4:12  Zergling x6  
  58  4:17  Overlord  
  58  4:19  Drone  
  58  4:24  Overlord  
  59  4:34  Roach x6  
  59  4:35  Zergling x2  
  72  4:39  Spore Crawler  
  72  4:40  Spore Crawler  
  72  4:42  Spore Crawler  
  72  4:45  Roach  
  71  4:53  Zergling x6, Roach x2  
  71  4:57  Overlord  
  76  5:00  Zergling x2, Roach  
  72  5:10  Drone x2  
  70  5:15  Zergling x8, Roach  
  74  5:22  Drone x2  
  74  5:23  Drone x2  
  76  5:28  Drone x2  
  76  5:33  Drone  
  76  5:34  Drone  
  78  5:44  Drone x2  
  78  5:45  Drone  
  78  5:46  Queen  
  78  5:47  Extractor  
  78  5:48  Drone  
  78  5:49  Extractor  
  82  5:55  Drone  
  82  5:56  Overlord  
  84  5:57  Extractor  
  84  5:59  Drone x2  
  84  6:02  Drone x2  
  87  6:06  Overlord  
  87  6:07  Roach  
  87  6:08  Queen  
  93  6:11  Roach  
  93  6:16  Zergling x2, Roach  
  93  6:17  Zergling x2  
  93  6:18  Spine Crawler  
  96  6:24  Ravager  
  96  6:25  Zergling x8, Roach  
  100  6:26  Zergling x2  
  100  6:31  Overlord  
  100  6:32  Zergling x2, Roach  
  105  6:34  Zergling x2  
  102  6:42  Zergling x2, Roach  
  102  6:43  Roach  
  97  6:47  Zergling x4, Roach  
  97  6:48  Drone  
  97  6:51  Lair  
  99  6:54  Drone x4  
  99  6:55  Drone  
  99  6:57  Drone x3  
  107  7:02  Drone  
  107  7:03  Evolution Chamber  
  107  7:07  Drone  
  107  7:08  Drone, Spore Crawler  
  108  7:13  Extractor, Drone  
  108  7:15  Drone  
  109  7:16  Drone  
  109  7:21  Pneumatized Carapace  
  110  7:23  Drone x3  
  110  7:25  Drone  
  110  7:26  Queen  
  110  7:27  Drone x2  
  110  7:29  Drone x2  
  121  7:30  Drone, Zerg Missile Weapons Level 1  
  121  7:33  Extractor  
  121  7:34  Extractor  
  119  7:39  Drone x2  
  119  7:41  Drone  
  122  7:45  Overlord  
  122  7:50  Overseer  
  122  7:52  Glial Reconstitution  
  122  7:53  Overlord  
  122  7:55  Hatchery  
  122  7:58  Overlord  
  121  7:59  Baneling Nest  
  120  8:11  Zergling x6, Roach x7  
  137  8:16  Overlord  
  137  8:18  Zergling x6, Roach x2  
  142  8:22  Overlord  
  142  8:26  Overlord  
  141  8:28  Zergling x4, Roach x2  
  141  8:32  Roach  
  149  8:38  Zergling x2  
  145  8:47  Drone x5  
  148  8:48  Centrifical Hooks  
  148  8:49  Overseer  
  148  8:51  Zergling x6, Roach x2  
  148  8:55  Overlord  
  155  8:56  Zergling x4  
  155  9:00  Zergling x4  
  159  9:05  Overlord  
  159  9:08  Zergling x2  
  159  9:09  Zergling x4  
  162  9:16  Zergling x14  
  169  9:21  Zergling x8  
  173  9:25  Zergling x2  
  173  9:28  Overlord  
  173  9:30  Ravager x9  
  173  9:31  Zergling x4  
  185  9:35  Zergling x2  
  186  9:38  Zergling x2  
  186  9:42  Baneling x21  
  187  9:46  Zergling x4  
  187  9:51  Zergling x20  
  199  9:59  Zergling x2  
  199  10:06  Baneling x15  
  196  10:11  Zergling x8  
  197  10:19  Zergling x28  
Show
View Real Time Build Order
Export as new Build Order

DnS Protoss 

Build Orders: 1 Gate Expand, Mass Adepts 

Get SALT Encoding   

  12  0:00  Probe  
  13  0:12  Probe  
  14  0:19  Pylon  
  14  0:24  Probe  
  15  0:37  Probe  
  16  0:44  Gateway  
  16  0:49  Probe  
  17  1:01  Probe  
  18  1:15  Nexus  
  18  1:21  Assimilator  
  18  1:22  Probe  
  19  1:29  Assimilator  
  19  1:34  Probe  
  20  1:41  Cybernetics Core  
  20  1:46  Probe (Chrono Boost)  
  21  1:49  Pylon  
  21  1:58  Probe (Chrono Boost)  
  22  2:03  Probe (Chrono Boost)  
  23  2:12  Probe (Chrono Boost)  
  23  2:14  Stalker (Chrono Boost)  
  24  2:17  Warp Gate  
  27  2:23  Probe (Chrono Boost)  
  27  2:29  Probe (Chrono Boost)  
  29  2:32  Probe (Chrono Boost)  
  29  2:36  Probe (Chrono Boost), Adept  
  32  2:40  Probe (Chrono Boost)  
  32  2:41  Probe (Chrono Boost)  
  34  2:44  Twilight Council  
  34  2:51  Probe  
  35  3:02  Probe, Robotics Facility  
  35  3:03  Gateway  
  36  3:12  Gateway  
  36  3:16  Gateway  
  36  3:17  Resonating Glaives (Chrono Boost)  
  36  3:19  Probe x2  
  38  3:29  Adept  
  38  3:32  Pylon  
  38  3:33  Probe  
  38  3:34  Probe  
  42  3:39  Pylon  
  42  3:46  Warp Prism (Chrono Boost)  
  42  3:47  Probe x2  
  44  3:55  Pylon  
  46  4:08  Adept x3  
  52  4:11  Adept  
  52  4:13  Probe x2  
  52  4:15  Pylon  
  56  4:26  Pylon  
  56  4:31  Adept x3  
  56  4:32  Adept  
  56  4:35  Immortal (Chrono Boost)  
  68  4:42  Probe x2  
  66  4:59  Adept x4  
  74  5:03  Probe x2  
  74  5:06  Assimilator  
  68  5:19  Probe, Immortal (Chrono Boost)  
  67  5:26  Adept x2  
  71  5:31  Probe, Adept  
  71  5:34  Assimilator  
  70  5:37  Adept  
  70  5:39  Pylon  
  72  5:47  Adept  
  72  5:48  Adept  
  76  5:51  Probe  
  76  5:52  Pylon  
  76  5:55  Adept  
  79  6:01  Adept  
  81  6:05  Probe  
  81  6:06  Probe  
  81  6:07  Pylon  
  83  6:17  Adept x3  
  89  6:18  Pylon  
  89  6:20  Pylon  
  89  6:22  Adept  
  91  6:28  Nexus  
  91  6:30  Pylon  
  89  6:35  Observer (Chrono Boost)  
  72  6:51  Probe x2, Sentry  
  72  6:52  Sentry x2  
  72  6:53  Immortal (Chrono Boost)  
  64  6:55  Shield Battery  
  64  6:56  Sentry  
  66  7:03  Probe x2, Forge  
  69  7:15  Probe x2  
  69  7:16  Adept  
  69  7:20  Adept  
  69  7:21  Adept  
  69  7:22  Immortal (Chrono Boost)  
  79  7:27  Probe  
  79  7:28  Probe  
  81  7:31  Protoss Ground Weapons Level 1  
  81  7:36  Observer, Robotics Bay  
  81  7:40  Probe x2 (Chrono Boost)  
  81  7:41  Probe (Chrono Boost)  
  84  7:47  Phoenix, Sentry, Adept x2  
  91  7:52  Probe (Chrono Boost), Assimilator  
  91  7:55  Assimilator  
  91  7:57  Probe x2 (Chrono Boost)  
  93  7:59  Immortal (Chrono Boost)  
  93  8:00  Probe (Chrono Boost)  
  93  8:01  Adept  
  93  8:02  Probe (Chrono Boost)  
  93  8:04  Probe  
  102  8:15  Blink  
  102  8:16  Probe  
  103  8:26  Adept  
  104  8:30  Stalker  
  106  8:35  Colossus (Chrono Boost)  
  106  8:38  Zealot  
  106  8:39  Zealot  
  116  8:46  Zealot  
  118  8:49  Probe x2, Pylon  
  118  8:52  Gateway  
  118  8:53  Gateway, Extended Thermal Lance  
  120  8:56  Gateway  
  120  8:57  Photon Cannon  
  120  8:59  Gateway  
  120  9:04  Stalker x2  
  120  9:05  Stalker  
  126  9:11  Photon Cannon  
  126  9:14  Colossus (Chrono Boost)  
  126  9:21  Pylon  
  126  9:23  Stalker  
  134  9:30  Pylon  
  134  9:32  Stalker  
  134  9:33  Stalker  
  134  9:35  Stalker  
  140  9:55  Stalker x2  
  144  10:03  Stalker x5  
  131  10:24  Stalker x3  
  121  10:29  Stalker  
  121  10:30  Stalker x2  
  103  10:36  Stalker x2  
Tags
 
Add a new tag
Caveats
  • Supply blocks, unpowered buildings, or Contaminate may cause inaccurate times.
  • Supply counts are checked every 10 seconds.